 Dungeon Crawl Stone Soup version 0.22-a0-301-gf0fe05c (webtiles) character file.

155 sankara the Cudgeler (level 5, -1/43 (45) HPs)
             Began as a Ghoul Monk on Mar 26, 2018.
             Was a Believer of Kikubaaqudgha.
             Killed from afar by an orc wizard (11 damage)
             ... with a magic dart
             ... on level 2 of the Dungeon.
             The game lasted 00:10:38 (3876 turns).

sankara the Cudgeler (Ghoul Monk)                   Turns: 3876, Time: 00:10:39

HP:   -1/43 (45)    AC:  2    Str: 12 (15) XL:     5   Next: 37%
MP:   1/4           EV: 12    Int:  3 (6)  God:    Kikubaaqudgha [**....]
Gold: 158           SH:  2    Dex:  9 (11) Spells: 0/4 levels left

rFire    . . .     SeeInvis .   a - +0 whip
rCold    + . .     Gourm    .   (no shield)
rNeg     + + +     Faith    .   b - +0 robe
rPois    ∞         Spirit   .   (no helmet)
rElec    .         Reflect  +   (no cloak)
rCorr    .         Harm     .   (no gloves)
MR       .....                  (no boots)
Stlth    ++........             n - +2 amulet of reflection
HPRegen  0.00/turn              (no ring)
MPRegen  0.09/turn              (no ring)

@: very slightly contaminated, rotting
A: rotting body, claws 1, carnivore, cold resistance 1, negative energy
resistance 3, inhibited regeneration, torment resistance, unbreathing
a: Receive Corpses, Renounce Religion


You were on level 2 of the Dungeon.
You worshipped Kikubaaqudgha.
Kikubaaqudgha was pleased with you.
You were not hungry.

You visited 1 branch of the dungeon, and saw 3 of its levels.

You collected 158 gold pieces.

Inventory:

Hand Weapons
 a - a +0 whip (weapon)
   (You took it off a kobold on level 2 of the Dungeon)
Missiles
 g - 73 sling bullets
 m - 47 stones (quivered)
Armour
 b - a +0 robe (worn)
Jewellery
 n - a +2 amulet of reflection (around neck)
   (You found it on level 2 of the Dungeon)
Wands
 k - a wand of paralysis (12)
   (You found it on level 2 of the Dungeon)
 q - a wand of iceblast (8)
   (You found it on level 2 of the Dungeon)
Scrolls
 e - 3 scrolls of identify {unknown}
 f - 5 scrolls of remove curse {unknown}
 h - 2 scrolls of enchant armour {unknown}
 i - 2 scrolls of amnesia {unknown}
 o - 2 scrolls of magic mapping {unknown}
Potions
 d - 4 potions of heal wounds
 j - 2 potions of resistance {unknown}
 l - a potion of degeneration {!q}
 p - a potion of curing
Comestibles
 c - 7 rations


   Skills:
 - Level 3.2 Fighting
 + Level 5.2 Maces & Flails
 - Level 2.6 Dodging
 - Level 2.1 Stealth
 + Level 0.0 Spellcasting
 + Level 0.7 Necromancy
 + Level 0.0 Evocations


You couldn't memorise any spells.
You knew the following spells:

 Your Spells              Type           Power        Failure   Level  Hunger
a - Pain                  Necr           #...         41%         1    ##.....
b - Regeneration          Chrm/Necr      #.........   85%         3    ####...


Dungeon Overview and Level Annotations

Branches:
Dungeon (3/15)

Altars:
Ashenzari
Kikubaaqudgha
Nemelex Xobeh


Innate Abilities, Weirdness & Mutations

Your body is rotting away.
You thrive on raw meat.
You are immune to poison.
You have sharp fingernails.
You are carnivorous and can eat meat at any time.
Your flesh is cold resistant. (rC+)
You are immune to negative energy. (rN+++)
You do not regenerate when monsters are visible.
You are immune to unholy pain and torment.
You can survive without breathing.


Message History

You barely miss the orc.
The orc is almost dead.
The orc hits you with a falchion.
You barely miss the orc.
The orc is almost dead.
The orc hits you with a falchion.
You hit the orc but do no damage.
The orc is almost dead.
The orc closely misses you.
You hit the orc.
You kill the orc!
Kikubaaqudgha accepts your kill.
Things that are here:
a falchion; a chain mail There isn't anything to butcher here.
Your magical contamination has completely faded away.
Okay, then.
Magic restored.
There is a stone staircase leading down here.
You start resting.
HP restored.
You climb downwards.
There is a stone staircase leading up here.
There is a stone staircase leading down here.
Key pressed, stopping explore.
You now have 158 gold pieces (gained 9).
Done exploring.
Done exploring.
Done exploring.
There is a stone staircase leading down here.
There is a stone staircase leading up here.
You see here a hand axe.
The orc shouts!
Casting: Pain (safe; 36% risk of failure)
Confirm with . or Enter, or press ? or * to list all spells.
Aiming: Pain (safe; 36% risk of failure)
Press: ? - help, Shift-Dir - straight line, f - orc
Aim: an orc, wearing a chain mail (chance to defeat MR: 50%)
You miscast Pain.
You are very lightly contaminated with residual magic.
Kikubaaqudgha protects you from your miscast necromantic spell!
The orc wizard shouts!
The orc wizard mumbles some strange words.
The orc wizard seems to speed up.
The orc wizard casts a spell at you. The magic dart hits you!
The orc wizard mumbles some strange words.
The orc wizard blinks!
The orc wizard gestures at you while chanting.
The magic dart hits you! The orc closely misses you.
There is a stone staircase leading up here.
The orc wizard hits you with a dagger.
You climb upwards.
There is a stone staircase leading down here.
Casting: Pain (safe; 36% risk of failure)
Confirm with . or Enter, or press ? or * to list all spells.
Aiming: Pain (safe; 36% risk of failure)
Press: ? - help, Shift-Dir - straight line, f - orc wizard
Aim: an orc wizard, wielding a dagger and wearing a robe (fast, chance to defeat MR: 32%)
The orc wizard easily resists.
You block the orc wizard's attack. The orc wizard hits you with a dagger.
Casting: Pain (safe; 36% risk of failure)
Confirm with . or Enter, or press ? or * to list all spells.
Aiming: Pain (safe; 36% risk of failure)
Press: ? - help, Shift-Dir - straight line, f/p - orc wizard
Aim: an orc wizard, wielding a dagger and wearing a robe (fast, chance to defeat MR: 32%)
The orc wizard writhes in agony!
The orc wizard barely misses you.
Casting: Pain (safe; 36% risk of failure)
Confirm with . or Enter, or press ? or * to list all spells.
Aiming: Pain (safe; 36% risk of failure)
Press: ? - help, Shift-Dir - straight line, f/p - orc wizard
Aim: an orc wizard, wielding a dagger and wearing a robe (lightly wounded, fast, chance to defeat MR: 32%)
You miscast Pain.
Nothing appears to happen.
The orc wizard barely misses you.
The orc wizard gestures at you while chanting.
The magic dart hits you!
You barely miss the orc wizard.
The orc wizard is lightly wounded.
The orc wizard casts a spell.
The orc wizard blinks!
The orc wizard casts a spell at you. The magic dart hits you!
The orc wizard gestures wildly while chanting.
The orc wizard blinks!
The orc wizard points at you and mumbles some strange words.
You resist with some effort.
You hit the orc wizard.
The orc wizard is lightly wounded.
The orc wizard barely misses you.
You hit the orc wizard but do no damage.
The orc wizard is lightly wounded.
The orc wizard hits you with a dagger.
* * * LOW HITPOINT WARNING * * *
The orc wizard misses you.
It was a potion of degeneration.
There was something very wrong with that liquid.
You feel weakened.
You feel dopey.
You feel clumsy.
The orc wizard gestures at you while chanting.
The magic dart hits you!
You die...
Kikubaaqudgha rasps: "You have failed me!
Welcome... oblivion!"

....# #.##.##.####.# #.#.#
#.##.##.# #.# ..#.# #.......# #.#
..#.######.#######.#####
......)....# #>[...§.#
#####.######## #.....#.#
#........# #.###.#.#
#####..<.....# #o# #.#.#
.............# #@###.#.#
.#####.......# #.......# .#
#.......# #.......# .#
#.......###.##.#.## [#
#....[..#......#.#
.#####....####.#.####.#
.##.......####.#.####.# #####
.##.##.........#....^.###...#####
.##.##...#.##..#####(#.##.......#


You could see an orc wizard.

Vanquished Creatures
  An orc priest (D:3)
  An orc wizard (D:3)
  3 adders (D:2)
  An ooze (D:1)
  2 worms (D:3)
  3 dart slugs
  5 leopard geckos
  2 orcs
  8 bats
  2 giant cockroaches
  A goblin (D:3)
  3 hobgoblins (D:2)
  3 jackals (D:1)
  2 quokkas (D:2)
  A ball python (D:2)
  6 frilled lizards
  6 kobolds
  5 rats
55 creatures vanquished.

Notes
Turn   | Place    | Note
-------+----------+-------------------------------------------
     0 | D:1      | sankara the Ghoul Monk began the quest for the Orb.
     0 | D:1      | Reached XP level 1. HP: 19/19 MP: 0/0
   233 | D:1      | Found a shattered altar of Ashenzari.
   268 | D:1      | Reached skill level 3 in Maces & Flails
   295 | D:1      | Reached XP level 2. HP: 23/26 MP: 1/1
   436 | D:1      | HP: 6/26 [jackal (1)]
  1369 | D:2      | Reached XP level 3. HP: 28/31 MP: 2/2
  1418 | D:2      | Found a sparkling altar of Nemelex Xobeh.
  1536 | D:2      | Reached skill level 4 in Maces & Flails
  2102 | D:2      | Reached XP level 4. HP: 22/38 MP: 3/3
  2391 | D:3      | Found an ancient bone altar of Kikubaaqudgha.
  2396 | D:3      | Became a worshipper of Kikubaaqudgha
  2396 | D:3      | Reached * piety under Kikubaaqudgha
  2396 | D:3      | Identified Kikubaaqudgha's Guide on Evil Secrets (Kikubaaqudgha gifted it to you on level 3 of the Dungeon)
  2396 | D:3      | Received a gift from Kikubaaqudgha
  2396 | D:3      | Reached ** piety under Kikubaaqudgha
  2425 | D:3      | HP: 9/38 [orc priest/falchion (7)]
  2446 | D:3      | Reached skill level 5 in Maces & Flails
  2446 | D:3      | Reached XP level 5. HP: 27/45 MP: 4/4
  2453 | D:3      | Learned a level 1 spell: Pain
  2457 | D:3      | Learned a level 3 spell: Regeneration
  3304 | D:3      | HP: 8/44 [orc priest/divine providence (12)]
  3875 | D:2      | HP: 10/43 [orc wizard/dagger (6)]
  3876 | D:2      | Killed from afar by an orc wizard

Vault maps used:
D:1:      minmay_arrival_plants_in_alcoves, evilmike_ruin_ashenzari
D:2:      lemuel_coloured_pillars_altar
D:3:      kiku_gazebo_garden_becter

Skill      XL: |  1  2  3  4 |
---------------+-------------+-----
Maces & Flails | 3 4 5 |  5.2
Fighting       | |  3.2
Dodging        | |  2.6
Stealth        | |  2.1
Necromancy     | |  0.7

Action                   |  1- 3 |  4- 6 || total
-------------------------+-------+-------++-------
Melee: Mace              |   123 |       ||   123
       Whip              |    31 |   130 ||   161
 Cast: Pain              |       |    18 ||    18
  Use: Potion            |       |     6 ||     6
 Stab: Sleeping          |     3 |     1 ||     4
  Eat: Chunk             |    19 |     9 ||    28
Armor: Robe              |    22 |     8 ||    30
Dodge: Dodged            |   100 |    67 ||   167
Block: Other             |     1 |     7 ||     8

Table legend:
 A = Spawn XP
 B = Non-spawn XP
 C = Spawn XP percentage of total XP
 D = Spawn monster count
 E = Non-spawn monster count
 F = Spawn count percentage of total count
 G = Total turns spent on level
                    A         B        C        D         E        F      G
               +---------+---------+-------+---------+---------+-------+---------
         Total |       0 |     222 |   0.0 |       0 |      55 |   0.0 |  3876
               +---------+---------+-------+---------+---------+-------+---------
           D:1 |       0 |      30 |   0.0 |       0 |      12 |   0.0 |  1252
           D:2 |       0 |      79 |   0.0 |       0 |      26 |   0.0 |  1699
           D:3 |       0 |     113 |   0.0 |       0 |      17 |   0.0 |   925
               +---------+---------+-------+---------+---------+-------+---------

Vault maps used:
D:1:      minmay_arrival_plants_in_alcoves, evilmike_ruin_ashenzari
D:2:      lemuel_coloured_pillars_altar
D:3:      kiku_gazebo_garden_becter

Table legend:
 A = Turns spent in this place as a percentage of turns spent in the entire game.
 B = Non-inter-level travel turns spent in this place as a percentage of non-inter-level travel turns spent in the entire game.
 C = Inter-level travel turns spent in this place as a percentage of turns spent in this place.
 D = Turns resting spent in this place as a percentage of non-inter-level travel turns spent in this place.
 E = Turns spent auto-exploring this place as a percentage of non-inter-level travel turns spent in this place.
 F = Non-inter-level travel turns spent in this place divided by the number of levels of this place that you've seen.
                   A       B       C       D       E      F
               +-------+-------+-------+-------+-------+----------------------
         Total | 100.0 | 100.0 |   3.5 |  38.3 |  39.4 | 1247.3
       Dungeon | 100.0 | 100.0 |   3.5 |  38.3 |  39.4 | 1247.3
               +-------+-------+-------+-------+-------+----------------------

Table legend:
 A = Kills in this place as a percentage of kills in entire the game.
 B = Kills by you in this place as a percentage of kills by you in the entire game.
 C = Kills by friends in this place as a percentage of kills by friends in the entire game.
 D = Other kills in this place as a percentage of other kills in the entire game.
 E = Experience gained in this place as a percentage of experience gained in the entire game.
 F = Experience gained in this place divided by the number of levels of this place that you have seen.
                   A       B       C       D       E      F
               +-------+-------+-------+-------+-------+----------------------
         Total | 100.0 | 100.0 |   N/A |   N/A | 100.0 |  74.0
       Dungeon | 100.0 | 100.0 |   N/A |   N/A | 100.0 |  74.0
               +-------+-------+-------+-------+-------+----------------------
